 Dungeon Crawl Stone Soup version 0.17.1-3-g152610e (webtiles) character file.

35 GFox the Skirmisher (level 3, -1/29 HPs)
             Began as a Demonspawn Abyssal Knight on Apr 17, 2016.
             Was a Follower of Lugonu.
             Succumbed to an adder's poison
             ... on level 2 of the Dungeon.
             The game lasted 00:15:40 (1217 turns).

GFox the Skirmisher (Demonspawn Abyssal Knight)     Turns: 1217, Time: 00:15:40

Health: -1/29      AC:  4    Str: 12      XL:     3   Next: 16%
Magic:  5/5        EV: 11    Int: 13      God:    Lugonu [*.....]
Gold:   77         SH:  0    Dex: 12 (13) Spells: 0 memorised, 2 levels left

rFire  . . .     SeeInvis .     f - +1 executioner's axe
rCold  . . .     Clarity  .     b - +1 leather armour
rNeg   . . .     SustAt   .     (shield currently unavailable)
rPois  .         Gourm    .     (no helmet)
rElec  .         Spirit   .     (no cloak)
rCorr  .         Warding  .     (no gloves)
rMut   .         Stasis   +     (no boots)
MR     .....                    d - amulet of stasis
Stlth  +.........               (no ring)
                                (no ring)

@: lethally poisoned (-1 -> -10), not resistant to hostile enchantments, very
unstealthy
A: powered by death 1
a: Depart the Abyss, Renounce Religion


You were on level 2 of the Dungeon.
You worshipped Lugonu.
Lugonu was aware of your devotion.
You were not hungry.

You visited 1 branch of the dungeon, and saw 2 of its levels.
You visited the Abyss 1 time.

You collected 77 gold pieces.

Inventory:

Hand Weapons
 a - a +1 hand axe
 f - a +1 executioner's axe (weapon)
Armour
 b - a +1 leather armour (worn)
Jewellery
 d - an amulet of stasis (around neck)
 o - an uncursed ring of positive energy {unknown}
Wands
 g - a wand of fire (6)
Scrolls
 e - 2 scrolls of teleportation
 h - 2 scrolls of enchant armour
 n - a scroll of amnesia {unknown}
Potions
 j - a potion of degeneration
Comestibles
 c - 2 bread rations
 i - 2 chunks of flesh


   Skills:
 + Level 3.2 Fighting
 + Level 2.1 Axes
 + Level 2.2 Armour
 + Level 1.5 Dodging
 + Level 2.7 Invocations


You had 2 spell levels left.
You didn't know any spells.

Dungeon Overview and Level Annotations

Branches:
Dungeon (2/15)

Altars:
Ashenzari


Innate Abilities, Weirdness & Mutations

You regenerate a little health from kills.


Message History

It is a scroll of enchant weapon.
Enchant which weapon? (? for menu, Esc to quit)
Your +0 executioner's axe glows red for a moment.
You feel sick. The adder bites you.
* * * LOW HITPOINT WARNING * * *
You hit the adder.
The adder is almost dead.
* * * LOW HITPOINT WARNING * * *
You feel sick. The adder bites you.
* * * LOW HITPOINT WARNING * * *
The adder barely misses you. x2
You miss the adder.
The adder is almost dead.
* * * LOW HITPOINT WARNING * * *
You feel sick. The adder bites you.
* * * LOW HITPOINT WARNING * * *
The adder barely misses you.
You miss the adder.
The adder is almost dead.
You die...

*,**,** **,,,*
*,***,***,*,,* *,*
**,*,,,,,*
###**,*****,,,,,,,
#..,,,,,,,,,*,**,*
#.#**,*****,,,**,*
#.# *,# *,,***,*
#S###.# *,,***,,
#@....# *,,>,,,,
#..#### *,******
#..# *,* #..# *,*
*** #..# *,***,**
#).### *,**,*,*
#....# **,*,***,
##.#.# *,,,** **
#.#.#####.#,,***,


You could see an adder.

Vanquished Creatures
  A worm (D:2)
  A giant gecko (D:1)
  2 goblins (D:1)
  6 hobgoblins (D:1)
  3 jackals (D:1)
  4 bats (D:1)
  2 giant cockroaches
  2 giant newts (D:1)
  5 kobolds
  2 rats (D:1)
28 creatures vanquished.

Notes
Turn   | Place    | Note
--------------------------------------------------------------
     0 | Abyss:1  | GFox the Demonspawn Abyssal Knight began the quest for the Orb.
     0 | Abyss:1  | Reached XP level 1. HP: 18/18 MP: 2/2
     8 | Abyss:2  | Found a corrupted altar of Lugonu.
    21 | Abyss:2  | Noticed a storm dragon zombie
    41 | Abyss:3  | Noticed a raiju
    41 | Abyss:3  | Noticed a raiju
    41 | Abyss:3  | Noticed a raiju
    74 | Abyss:4  | Noticed a white ugly thing
    76 | Abyss:4  | Noticed a white ugly thing
    84 | Abyss:4  | Noticed a bone dragon
    99 | D:1      | Escaped the Abyss
   363 | D:1      | Reached * piety under Lugonu
   447 | D:1      | Gained mutation: You regenerate a little health from kills. [demonic ancestry]
   447 | D:1      | Reached XP level 2. HP: 21/24 MP: 3/3
   543 | D:1      | Reached skill level 1 in Dodging
   600 | D:1      | Found a shattered altar of Ashenzari.
  1083 | D:1      | Reached XP level 3. HP: 29/29 MP: 5/5
  1216 | D:2      | HP: 1/29 [adder (1)]
  1217 | D:2      | Succumbed to an adder's poison

Action                   || total
-------------------------++-------
Melee: Executioner's axe ||   166
Invok: Depart the Abyss  ||     1
  Use: Scroll            ||     5
       Potion            ||     2
  Eat: Chunk             ||     2
